 Dungeon Crawl Stone Soup version 0.20.1-1-g8b1a95d (webtiles) character file.

1684 Irenicus the Martial Artist (level 9, -1/56 HPs)
             Began as an Octopode Chaos Knight on Oct 17, 2017.
             Slain by a hornet (6 damage)
             ... while paralysed by a hornet
             ... on level 7 of the Dungeon.
             The game lasted 00:21:51 (5753 turns).

Irenicus the Martial Artist (Octopode Chaos Knight) Turns: 5753, Time: 00:21:51

Health: -1/56      AC:  1    Str: 11    XL:     9   Next: 2%
Magic:  8/12       EV:  2    Int: 14    God:    Xom [.*....]
Gold:   346        SH:  0    Dex: 15    Spells: 10/12 levels left

rFire    . . .     SeeInvis .     - Unarmed
rCold    . . .     Gourm    .   (no shield)
rNeg     . . .     Faith    .   (helmet restricted)
rPois    .         Spirit   .   l - amulet of regeneration
rElec    .         Reflect  .   (no ring)
rCorr    .         Harm     .   (no ring)
MR       .....                  (no ring)
Stlth    +++.......             (no ring)
Regen    0.6/turn               (no ring)
MPRegen  0.2/turn               (no ring)
                                (no ring)
                                (no ring)

@: paralysed, confusing touch, slowed
A: almost no armour, stealthy swim, amphibious, 8 rings, constrict 8, camouflage
1, blurry vision 1, gelatinous body 1
a: Renounce Religion


You were on level 7 of the Dungeon.
You worshipped Xom.
You were a plaything of Xom.
You were hungry.

You visited 1 branch of the dungeon, and saw 7 of its levels.

You collected 346 gold pieces.

Inventory:

Missiles
 u - a javelin of returning (quivered)
Armour
 s - a +0 buckler
Magical Staves
 C - an uncursed staff of wizardry
Jewellery
 l - an amulet of regeneration (around mantle)
 m - an uncursed amulet of harm {unknown}
Scrolls
 b - 2 scrolls of blinking {unknown}
 e - 5 scrolls of identify {unknown}
 k - 3 scrolls of remove curse
 n - 2 scrolls of teleportation {unknown}
 o - a scroll of enchant weapon {unknown}
 t - 2 scrolls of amnesia {unknown}
 y - a scroll of recharging
 z - a scroll of magic mapping {unknown}
Potions
 c - a potion of flight
 g - a potion of haste
 h - 2 potions of curing
 i - 4 potions of heal wounds
 q - 2 potions of ambrosia {unknown}
 r - a potion of mutation {unknown}
 v - 2 potions of lignification {unknown}
 A - 3 potions of agility {unknown}
 D - a potion of cancellation {unknown}
Books
 p - a book of Callings

   Spells                             Type                      Level
   a - Summon Small Mammal            Summoning                    1
   b - Call Imp                       Summoning                    2
   c - Call Canine Familiar           Summoning                    3
   d - Summon Guardian Golem          Hexes/Summoning              3
   e - Summon Lightning Spire         Summoning/Air                4
   f - Summon Ice Beast               Ice/Summoning                4
 w - a book of Misfortune

   Spells                             Type                      Level
   a - Confusing Touch                Hexes                        1
   b - Confuse                        Hexes                        3
   c - Gell's Gravitas                Translocation                3
   d - Petrify                        Transmutation/Earth          4
   e - Metabolic Englaciation         Hexes/Ice                    5
   f - Yara's Violent Unravelling     Hexes/Transmutation          5
 x - a book of the Dragon

   Spells                             Type                      Level
   a - Flame Tongue                   Conjuration/Fire             1
   b - Cause Fear                     Hexes                        4
   c - Bolt of Fire                   Conjuration/Fire             6
   d - Dragon Form                    Transmutation                7
   e - Dragon's Call                  Summoning                    9
 B - a Young Poisoner's Handbook

   Spells                             Type                      Level
   a - Sting                          Conjuration/Poison           1
   b - Poisonous Vapours              Poison/Air                   2
   c - Mephitic Cloud                 Conjuration/Poison/Air       3
   d - Olgreb's Toxic Radiance        Poison                       4
   e - Venom Bolt                     Conjuration/Poison           5
Comestibles
 a - 6 bread rations
 d - 8 royal jellies
 f - 4 meat rations
 j - 8 fruits


   Skills:
 - Level 3.0 Fighting
 - Level 2.3 Dodging
 + Level 3.0 Stealth
 - Level 10.0 Unarmed Combat
 - Level 2.2 Spellcasting
 + Level 3.4 Hexes
 - Level 2.2 Summonings


You had 10 spell levels left.
You knew the following spells:

 Your Spells              Type           Power        Failure   Level  Hunger
a - Summon Small Mammal   Summ           #...         10%         1    #......
e - Confusing Touch       Hex            ##....       5%          1    #......


Dungeon Overview and Level Annotations

Branches:
Dungeon (7/15)             Temple (0/1) D:6

Altars:
Makhleb
Sif Muna
Trog

Annotations:
D:5 exclusion: downstairs
D:7 Joseph


Innate Abilities, Weirdness & Mutations

You cannot wear most types of armour.
You are very stealthy in the water. (Stealth+)
You are amphibious.
You can wear up to eight rings at the same time.
You can use your tentacles to constrict eight enemies at once.
Your skin changes colour to match your surroundings (Stealth+).
Your rubbery body absorbs attacks. (AC +1, EV +1)
Scrolls take you a little longer to read.


Message History

The orc warrior shouts!
Casting: Confusing Touch
Confirm with . or Enter, or press ? or * to list all spells.
Your tentacles begin to glow red.
You constrict the orc warrior.
You hear a shout! x2
The centaur hits your rat with a shortbow!
Your rat dies!
Your rat's corpse disappears in a puff of smoke!
The orc warrior barely misses you.
You closely miss the hornet. You grab the hornet.
You tentacle-slap the hornet, but do no damage.
You constrict the orc warrior. You constrict the hornet. The hornet stings you!
You suddenly lose the ability to move!
You lose your grip on the orc warrior.
You lose your grip on the hornet.
The hornet stings you!
* * * LOW HITPOINT WARNING * * *
You feel yourself slow down.
An orc comes into view. It is wielding a hand axe.
The hornet stings you.
You die...
Xom chuckles heartily!

#..#.........##
#.#..........#
+#
#'.b#########
#.# #.#o.# #..#
#..#..# #..#
#..##..# #..#
#..##.b.#
#..#..##bb###
###'###.@##
#..#..##oy##
#..#.#y.##c§#
#..##.##.c##.#
#.y# ...##..#.#
#.# cs.}.##.#.#
#@#
..)#....#(.#
#.#
##.):[.##†#.#
.# ##..s##..#.#


You could see a hornet, an orc warrior (confused), a centaur and an orc.

Vanquished Creatures
  Grinder (D:4)
  Edmund (D:5)
  An ice beast (D:6)
  An orc warrior (D:6)
  3 ogres (D:6)
  A centaur (D:6)
  A scorpion (D:5)
  3 crimson imps
  3 hounds
  A jelly (D:5)
  An orc priest (D:3)
  An orc wizard (D:7)
  A bullfrog skeleton (D:7)
  An iguana (D:6)
  3 worker ants (D:5)
  5 gnolls
  A howler monkey skeleton (D:5)
  6 adders
  2 shadow imps
  An ooze (D:1)
  An adder skeleton (D:7)
  3 worms
  2 dart slugs (D:1)
  5 leopard geckos
  21 orcs
  2 ball pythons
  8 bats
  4 giant cockroaches
  12 hobgoblins
  15 jackals
  5 quokkas
  4 frilled lizards
  27 goblins
  9 kobolds
  A leopard gecko skeleton (D:4)
  11 rats
168 creatures vanquished.

Vanquished Creatures (collateral kills)
  Sigmund (D:5)
  A gnoll shaman (D:5)
  An adder (D:5)
3 creatures vanquished.

Grand Total: 171 creatures vanquished

Notes
Turn   | Place    | Note
-------+----------+-------------------------------------------
     0 | D:1      | Irenicus the Octopode Chaos Knight began the quest for the Orb.
     0 | D:1      | Reached XP level 1. HP: 16/16 MP: 1/1
    98 | D:1      | Reached XP level 2. HP: 7/21 MP: 2/2
   334 | D:1      | Reached skill level 4 in Unarmed Combat
   349 | D:1      | Reached XP level 3. HP: 10/26 MP: 3/3
   591 | D:1      | XOM: harmless Tloc miscast
   807 | D:1      | XOM: divination: detect items
   866 | D:1      | XOM: silly message
   983 | D:2      | Reached XP level 4. HP: 24/31 MP: 4/4
  1121 | D:2      | Reached skill level 5 in Unarmed Combat
  2085 | D:3      | Reached XP level 5. HP: 32/36 MP: 5/5
  2093 | D:3      | XOM: 3-stop teleportation journey
  2382 | D:3      | XOM: polymorph orc -> gnoll
  2391 | D:3      | Reached skill level 6 in Unarmed Combat
  2488 | D:3      | XOM: scenery: 1 doors close
  2525 | D:3      | XOM is BORED!
  2591 | D:3      | XOM: harmless Tloc miscast
  2594 | D:3      | Learned a level 1 spell: Summon Small Mammal
  2689 | D:4      | Noticed Grinder
  2718 | D:4      | XOM: smoke on damage
  2735 | D:4      | Paralysed by Grinder for 4 turns
  2740 | D:4      | Killed Grinder
  2740 | D:4      | Reached skill level 7 in Unarmed Combat
  2740 | D:4      | Reached XP level 6. HP: 21/42 MP: 1/6
  2911 | D:4      | XOM: polymorph goblin -> hound
  2930 | D:4      | Reached XP level 7. HP: 45/46 MP: 7/7
  3120 | D:4      | XOM: medium Conj miscast
  3194 | D:5      | Entered Level 5 of the Dungeon
  3297 | D:5      | XOM: summons 3 hostile demons
  3391 | D:5      | XOM: give mutation
  3391 | D:5      | Gained mutation: Scrolls take you a little longer to read. [Xom's mischief]
  3405 | D:5      | Reached skill level 1 in Summonings
  3451 | D:5      | Reached skill level 8 in Unarmed Combat
  3749 | D:5      | XOM: medium Chrm miscast
  3756 | D:5      | Noticed Edmund
  3757 | D:5      | Noticed Sigmund
  3773 | D:5      | XOM: enchant monster (good)
  3797 | D:5      | XOM: noise
  3814 | D:5      | Killed Edmund
  3844 | D:5      | XOM: confusion
  3845 | D:5      | XOM: confuse monster(s)
  3992 | D:5      | Learned a level 1 spell: Confusing Touch
  4155 | D:5      | Found a bloodstained altar of Trog.
  4258 | D:5      | XOM: summons 7 friendly demons
  4269 | D:5      | Killed Sigmund
  4269 | D:5      | Reached skill level 9 in Unarmed Combat
  4269 | D:5      | Reached XP level 8. HP: 46/52 MP: 7/9
  4336 | D:5      | XOM: divination: detect creatures
  4419 | D:5      | XOM: god gift: 10 gold pieces
  4645 | D:6      | XOM: divination: magic mapping
  4648 | D:6      | XOM: butterfly on damage
  4723 | D:5      | Reached skill level 1 in Spellcasting
  4914 | D:6      | XOM: cleaving
  4953 | D:6      | XOM: silly message
  4959 | D:6      | Reached skill level 1 in Hexes
  4980 | D:6      | Found a staircase to the Ecumenical Temple.
  5051 | D:6      | Reached skill level 10 in Unarmed Combat
  5181 | D:6      | Found a burning altar of Makhleb.
  5342 | D:6      | Reached skill level 1 in Stealth
  5472 | D:7      | Found a deep blue altar of Sif Muna.
  5510 | D:7      | Noticed Joseph
  5510 | D:7      | XOM: potion effect (haste)
  5690 | D:7      | Noticed a slime creature
  5696 | D:7      | XOM: confusion (+ monsters)
  5703 | D:7      | Reached XP level 9. HP: 56/56 MP: 10/12
  5731 | D:7      | Noticed a hornet
  5749 | D:7      | XOM: butterfly on damage
  5752 | D:7      | Paralysed by a hornet for 3 turns
  5753 | D:7      | Slain by a hornet

Skill      XL: |  1  2  3  4  5  6  7  8  9 |
---------------+----------------------------+-----
Unarmed Combat | 4 5 7 9 10 | 10.0
Summonings     | 2 |  2.2
Spellcasting   | 2 |  2.2
Hexes          | 3 |  3.4
Stealth        | 2 3 |  3.0
Fighting       | |  3.0
Dodging        | |  2.3

Action                   |  1- 3 |  4- 6 |  7- 9 || total
-------------------------+-------+-------+-------++-------
Melee: Unarmed           |    88 |   133 |   221 ||   442
       Constrict         |    20 |    35 |    53 ||   108
       Punch             |     4 |     5 |    21 ||    30
       Tentacles         |     9 |    23 |    47 ||    79
Throw: Javelin           |       |       |     3 ||     3
 Cast: Summon Small Mamm |       |     4 |    45 ||    49
       Confusing Touch   |       |       |    20 ||    20
  Use: Scroll            |     1 |     2 |       ||     3
       Potion            |       |       |     3 ||     3
 Stab: Sleeping          |     7 |    11 |     4 ||    22
       Distracted        |       |       |     3 ||     3
       Confused          |       |       |     7 ||     7
  Eat: Chunk             |       |     5 |    11 ||    16
       Fruit             |       |     2 |       ||     2
Armor: Skin              |     8 |     9 |    10 ||    27
Dodge: Dodged            |    47 |    53 |   145 ||   245
